 Dungeon Crawl Stone Soup version 0.19-a0-644-gd04d753 (webtiles) character file.

8771 pk666 the Cleaver (level 11, -5/112 HPs)
             Began as a Minotaur Berserker on June 14, 2016.
             Was a High Priest of Trog.
             Slain by removeelyvilon's ghost (33 damage)
             ... on level 10 of the Dungeon.
             The game lasted 00:29:03 (13581 turns).

pk666 the Cleaver (Minotaur Berserker)             Turns: 13581, Time: 00:29:04

Health: -5/112     AC: 19    Str: 24    XL:     11   Next: 14%
Magic:  3/3        EV: 11    Int: 10    God:    Trog [*****.]
Gold:   445        SH:  0    Dex: 11    Spells: 0 memorised, 10 levels left

rFire  . . .     SeeInvis .     C - +1 battleaxe (antimagic)
rCold  . . .     Gourm    .     D - +0 plate armour
rNeg   . . .     Faith    .     (shield currently unavailable)
rPois  +         Spirit   .     (helmet restricted)
rElec  .         Dismiss  .     G - +0 cloak
rCorr  .         Reflect  .     e - +0 pair of gloves
SustAt .         Harm     .     k - +0 pair of boots
MR     .....     Rnd*Rage +     (no amulet)
Stlth  ..........               K - +6 ring of intelligence
                                v - ring of wizardry

@: exhausted, slowed, glowing, very slow, not resistant to hostile enchantments,
extremely unstealthy
A: retaliatory headbutt, horns 2, berserk 1, poison resistance, robust 1
a: Berserk, Trog's Hand, Brothers in Arms, Burn Spellbooks, Renounce Religion


You were on level 10 of the Dungeon.
You worshipped Trog.
Trog was extremely pleased with you.
You were hungry.

You visited 1 branch of the dungeon, and saw 10 of its levels.
You also visited: Bailey.

You collected 445 gold pieces.

Inventory:

Hand Weapons
 C - a +1 antimagic battleaxe (weapon)
Armour
 e - a +0 pair of gloves (worn)
 k - a +0 pair of boots (worn)
 D - a +0 plate armour (worn)
 G - a +0 cloak (worn)
Jewellery
 v - a ring of wizardry (left hand)
 K - a +6 ring of intelligence (right hand)
Wands
 F - a wand of paralysis (3/24)
 L - a wand of digging (5/24)
Scrolls
 b - 7 scrolls of remove curse
 d - a scroll of blinking
 f - 9 scrolls of identify
 i - a scroll of fear {unknown}
 m - 2 scrolls of magic mapping
 p - a scroll of enchant armour {unknown}
 r - 2 scrolls of recharging {unknown}
 t - a scroll of noise {unknown}
 u - 2 scrolls of amnesia {unknown}
 w - 3 scrolls of random uselessness {unknown}
 x - a scroll of vulnerability {unknown}
 A - 3 scrolls of teleportation {unknown}
 H - 2 scrolls of fog {unknown}
Potions
 g - 4 potions of haste
 h - 2 potions of brilliance {unknown}
 j - 4 potions of might {unknown}
 l - 4 potions of heal wounds
 o - a potion of beneficial mutation {unknown}
 q - 2 potions of cancellation
 s - 2 potions of degeneration {unknown}
 E - 5 potions of magic
 M - a potion of cure mutation {unknown}
 N - 3 potions of curing
 O - a potion of berserk rage
 P - a potion of ambrosia {unknown}
Books
 y - a book of Summonings

   Spells                             Type                      Level
   a - Recall                         Summoning/Translocation      3
   b - Aura of Abjuration             Summoning                    5
   c - Summon Demon                   Summoning                    5
   d - Summon Forest                  Summoning/Translocation      5
   e - Summon Mana Viper              Hexes/Summoning              5
   f - Shadow Creatures               Summoning                    6
   Trog disapproves of the use of such an item.
 I - a book of Summonings

   Spells                             Type                      Level
   a - Recall                         Summoning/Translocation      3
   b - Aura of Abjuration             Summoning                    5
   c - Summon Demon                   Summoning                    5
   d - Summon Forest                  Summoning/Translocation      5
   e - Summon Mana Viper              Hexes/Summoning              5
   f - Shadow Creatures               Summoning                    6
   Trog disapproves of the use of such an item.
 J - a book of Frost

   Spells                             Type                      Level
   a - Freeze                         Ice                          1
   b - Throw Frost                    Conjuration/Ice              2
   c - Ozocubu's Armour               Charms/Ice                   3
   d - Throw Icicle                   Conjuration/Ice              4
   e - Summon Ice Beast               Ice/Summoning                4
   Trog disapproves of the use of such an item.
Comestibles
 a - 8 royal jellies
 c - 8 bread rations
 n - 4 beef jerkies
 z - a meat ration
 B - 3 fruits


   Skills:
 + Level 11.0 Fighting
 + Level 11.1 Axes
 + Level 10.3 Armour
 + Level 9.7 Dodging


You had 10 spell levels left.
You didn't know any spells.

Dungeon Overview and Level Annotations

Branches:
Dungeon (10/15)            Temple (0/1) D:6
   Lair: D:8-11         Orc: D:9-12

Altars:
Cheibriados
Dithmenos
Elyvilon
Fedhas
Makhleb
Nemelex Xobeh
Okawaru
Pakellas
Qazlal
Ru
Sif Muna
Vehumet
Xom
Yredelemnul
Zin
The Shining One

Shops:
D:9 [

Annotations:
D:4 1 runed door
D:10 removeelyvilon's ghost, journeyman KoEn


Innate Abilities, Weirdness & Mutations

You reflexively headbutt those who attack you in melee.
You have a pair of horns on your head.
You tend to lose your temper in combat.
Your system is resistant to poisons. (rPois)
You are robust. (+10% HP)


Message History

You feel less confused.
Removeelyvilon's ghost hits you but does no damage.
Removeelyvilon's ghost hits you but does no damage.
Removeelyvilon's ghost points at you and mumbles some strange words.
You fall asleep.
Removeelyvilon's ghost points at you and mumbles some strange words.
You are outlined in light.
Removeelyvilon's ghost casts a spell at you.
You resist with significant effort.
Removeelyvilon's ghost hits you but does no damage.
Removeelyvilon's ghost keens inconsolably.
Removeelyvilon's ghost hits you!!
You wake up.
* * * LOW HITPOINT WARNING * * *
Removeelyvilon's ghost hits you but does no damage.
Removeelyvilon's ghost gestures at you while chanting.
You resist with significant effort.
Removeelyvilon's ghost points at you and mumbles some strange words.
You fall asleep.
Removeelyvilon's ghost hits you!!
You wake up.
You die...

.... ##.#..>...#
..###.........#
#.#..........# #
#..#.##......######
#.#..#.##......#.....
#.........#######..<#
####.######## ##...
#W# ##.######.##
#@#####.#.......#
#.##.......######
#.##.###.#.#
#.##.###.#.#
#........#.#
####.#####.#
#.#####.# #.......#
#########


You could see removeelyvilon's ghost.

Vanquished Creatures
  Erolcha (D:8)
  Erica (D:8)
  The ghost of removeelyvilon the Slicer, a novice KoAr of Trog (D:8)
  The ghost of Xiguana the Grappler, a novice VSMo of Cheibriados (Bailey)
  A queen bee (D:9)
  A troll (D:8)
  2 wyverns (D:9)
  A hungry ghost (D:8)
  Menkaure (D:5)
  7 orc warriors
  3 black bears
  An ice beast (D:6)
  3 sky beasts (D:8)
  2 phantoms
  3 ogres
  5 centaurs
  A big kobold (D:8)
  5 giant frogs
  2 gnoll sergeants
  4 scorpions
  12 killer bees (D:9)
  2 jellies
  2 electric eels (D:7)
  3 crimson imps
  3 orc priests
  3 hounds
  2 centaur skeletons
  2 gnoll shamans (D:3)
  3 iguanas
  4 worker ants
  4 orc wizards
  A hound skeleton (D:4)
  A worker ant zombie (D:9)
  50 gnolls
  A howler monkey skeleton (D:4)
  15 adders
  5 shadow imps
  3 oozes
  An adder skeleton (D:7)
  An adder zombie (D:7)
  3 worms
  A dart slug (D:3)
  4 giant geckos
  26 orcs
  5 giant cockroaches
  5 goblins
  14 hobgoblins
  21 jackals
  26 kobolds
  4 quokkas
  3 ball pythons
  11 bats
  5 giant newts
  A quokka zombie (D:7)
  7 rats
300 creatures vanquished.

Notes
Turn   | Place    | Note
--------------------------------------------------------------
     0 | D:1      | pk666 the Minotaur Berserker began the quest for the Orb.
     0 | D:1      | Reached XP level 1. HP: 19/19 MP: 0/0
   440 | D:1      | Reached XP level 2. HP: 22/27 MP: 1/1
  1059 | D:2      | Reached XP level 3. HP: 27/33 MP: 2/2
  1237 | D:2      | Reached ** piety under Trog
  1813 | D:3      | Reached XP level 4. HP: 40/40 MP: 3/3
  2089 | D:3      | Noticed a phantom
  2102 | D:3      | Killed a phantom
  2102 | D:3      | Reached skill level 5 in Axes
  2102 | D:3      | Reached XP level 5. HP: 37/47 MP: 4/4
  2157 | D:3      | Found a deep blue altar of Sif Muna.
  3059 | D:3      | Reached XP level 6. HP: 33/55 MP: 5/5
  3075 | D:3      | Reached skill level 5 in Fighting
  3084 | D:3      | Reached *** piety under Trog
  3440 | D:3      | Reached XP level 7. HP: 62/62 MP: 6/6
  4201 | D:3      | Reached **** piety under Trog
  4451 | D:4      | Reached skill level 5 in Armour
  4500 | D:4      | Found a glowing silver altar of Zin.
  4501 | D:4      | Found a runed door.
  4501 | D:4      | Noticed an angel
  4560 | D:4      | Found a sacrificial altar of Ru.
  4602 | D:4      | Found a glowing golden altar of the Shining One.
  4750 | D:4      | Reached skill level 5 in Dodging
  4772 | D:4      | Found a sparkling altar of Nemelex Xobeh.
  4971 | D:5      | Entered Level 5 of the Dungeon
  5042 | D:5      | Noticed Menkaure
  5043 | D:5      | Found a white marble altar of Elyvilon.
  5049 | D:5      | Killed Menkaure
  5263 | D:5      | Got a polished ring mail
  5280 | D:5      | Identified the cursed +0 ring mail of Xom's Hope {*Drain Dex+3 Stlth+} (You found it on level 5 of the Dungeon)
  5318 | D:5      | Reached XP level 8. HP: 31/71 MP: 7/7
  5895 | D:5      | Found a shimmering altar of Xom.
  6120 | D:5      | Found a basalt altar of Yredelemnul.
  6506 | D:6      | Found a radiant altar of Vehumet.
  6545 | D:6      | Noticed a rust devil
  6558 | D:6      | Found a staircase to the Ecumenical Temple.
  6737 | D:6      | Reached ***** piety under Trog
  6889 | D:6      | Found a stormy altar of Qazlal.
  6939 | D:6      | Received a gift from Trog
  7573 | D:7      | HP: 3/74 [electric eel/bolt of electricity (9)]
  7918 | D:7      | Reached XP level 9. HP: 62/81 MP: 2/8
  8163 | D:7      | Found a shadowy altar of Dithmenos.
  8197 | D:7      | Found a sacrificial altar of Ru.
  8922 | D:7      | Found a blossoming altar of Fedhas.
  8922 | D:7      | Found a snail-covered altar of Cheibriados.
  8923 | D:7      | Found an oddly glowing altar of Pakellas.
  9271 | D:8      | Noticed Erolcha
  9280 | D:8      | Killed Erolcha
  9630 | D:8      | Found a flagged portal.
  9633 | D:8      | Noticed Erica
  9641 | D:8      | Killed Erica
  9641 | D:8      | Reached XP level 10. HP: 91/91 MP: 3/9
  9652 | Bailey   | Entered a bailey
  9659 | Bailey   | Noticed Xiguana's ghost (novice VSMo)
  9680 | Bailey   | Killed Xiguana's ghost
  9680 | Bailey   | Reached skill level 10 in Axes
 10318 | Bailey   | Reached skill level 10 in Fighting
 10669 | D:8      | Noticed removeelyvilon's ghost (novice KoAr)
 10720 | D:7      | Gained mutation: You tend to lose your temper in combat. [potion of mutation]
 10720 | D:7      | Gained mutation: Your system is resistant to poisons. (rPois) [potion of mutation]
 10720 | D:7      | Gained mutation: You are robust. (+10% HP) [potion of mutation]
 11022 | D:8      | Killed removeelyvilon's ghost
 11514 | D:8      | Found a glowing silver altar of Zin.
 11518 | D:8      | Found a burning altar of Makhleb.
 11699 | D:8      | Noticed an angel
 11700 | D:8      | Noticed a balrug
 12245 | D:9      | Reached skill level 10 in Armour
 12346 | D:9      | Found an iron altar of Okawaru.
 12572 | D:9      | Found Ucwiusso's Armour Shop.
 12601 | D:9      | Reached XP level 11. HP: 96/111 MP: 3/10
 13479 | D:10     | Entered Level 10 of the Dungeon
 13528 | D:10     | Noticed removeelyvilon's ghost (journeyman KoEn)
 13581 | D:10     | Slain by removeelyvilon's ghost

Vault maps used:
D:1:      dpeg_arrival_boxorama, minivault_4
D:3:      lemuel_castle_with_subvaults, led_sif_book, grunt_ministairs_1
D:4:      old_standard_altar, marbit_many_paths, tso_oasis_becter, first_bread,
          lemuel_angel_altar
D:5:      kennysheep_ying_yang, xom_teletrap_fun, hangedman_decor_points,
          uniq_menkaure
D:6:      old_standard_altar, lemuel_crystal_altar, temple_garden
D:7:      statuecave_lemuel, nicolae_dithmenos_shadow_blocks,
          gammafunk_temple_overflow_forgotten, nicolae_ru_sacrificial_ziggurat
D:8:      grunt_temple_overflow_order_and_chaos_2, enter_bailey_2, uniq_erica,
          uniq_erolcha
D:9:      okawaru_gym_becter, serial_shops, shop, david_nohive_1
D:10:     david_lair_shrubbed, hiddenorc2_lemuel, nicolae_trove_entry_columns,
          minivault_24, minmay_curled_crystal
Bailey:   bailey_axe_2, bailey

Skill      XL: |  1  2  3  4  5  6  7  8  9 10 11 |
---------------+----------------------------------+-----
Axes           | 4 5 6 7 8 9 10 11 | 11.1
Fighting       | 4 5 6 7 9 10 11 | 11.0
Armour         | 3 4 5 7 9 10 | 10.3
Dodging        | 3 4 5 6 8 9 |  9.7

Action                   |  1- 3 |  4- 6 |  7- 9 | 10-12 || total
-------------------------+-------+-------+-------+-------++-------
Melee: Hand axe          |    65 |   107 |   247 |       ||   419
       Headbutt          |    11 |    17 |    72 |    39 ||   139
       Battleaxe         |       |       |   139 |   305 ||   444
Invok: Berserk           |     1 |     3 |     5 |     7 ||    16
       Burn Spellbooks   |     1 |       |       |     1 ||     2
       Trog's Hand       |       |       |       |     1 ||     1
  Use: Scroll            |       |       |     4 |     1 ||     5
       Potion            |       |       |       |     5 ||     5
 Stab: Distracted        |       |       |     1 |       ||     1
  Eat: Chunk             |     3 |     8 |    16 |    18 ||    45
       Pizza             |       |       |     1 |       ||     1
       Meat ration       |       |       |     1 |     1 ||     2
       Royal jelly       |       |       |     1 |       ||     1
       Fruit             |       |       |       |     2 ||     2
Armor: Animal skin       |     6 |       |       |       ||     6
       Ring mail         |    20 |    30 |    27 |       ||    77
       Chain mail        |       |       |     2 |       ||     2
       Plate armour      |       |       |   176 |   226 ||   402
Dodge: Dodged            |    55 |    86 |   198 |   217 ||   556
